[Event "Late-Titled-Tuesday-Blitz-September-05-2023"]
[Site "Chess.com"]
[Date "2023.09.05"]
[Round "4"]
[White "Iball95"]
[Black "Emp3rador"]
[Result "1-0"]
[WhiteElo "2814"]
[BlackElo "2496"]
[TimeControl "180+1"]
[EndTime "14:41:37 PDT"]
[Termination "Iball95 won by resignation"]

1. e4 e6 2. d4 d5 3. Nc3 dxe4 4.
Nxe4 Nd7 5. Nf3 Ngf6 6. Nxf6+ Nxf6 7. g3 b6 8. Bb5+ Bd7 9. Be2 Bc6 10. O-O a6 11. Ne5 Bb7 12. Bf3 Bxf3 13. Qxf3 Qd5 14.
Bg5 Qxf3 15. Nxf3 Be7 16. Rfe1 h6 17. Bxf6 Bxf6 18. c3 O-O-O 19. a4 Kb7 20. Re2 Rd5 21. Nd2 c5 22. dxc5 Rxc5 23. Ne4 Rd5 24. Kg2 Rhd8 25.
Rae1 Be7 26. f3 b5 27. axb5 axb5 28. h4 Kb6 29. Ra1 Rd1 30. Rxd1 Rxd1 31. Rd2 Rxd2+ 32.
Nxd2 Kc5 33. Kf2 h5 34. Ke3 Kd5 35. b3 Bc5+ 36. Kd3 f5 37. c4+ bxc4+ 38. bxc4+ Kc6 39.
Ke2 Bd6 40. f4 e5 41. fxe5 Bxe5 42. Kf3 Kc5 43. Nf1 g6 44. Ne3 Kd4 45. Nd5 Kxc4 46.
Ne7 Kd4 47. Nxg6 Bd6 48. Nf4 Ke5 49. Nxh5 Ke6 50. Nf4+ Kf6 51. Nd5+ Ke5 52. Ne3 Kf6 53. Ng2 Be5 54. Ne1 Bd6 55. Nd3 Ke6 56. Nf4+ Kf6 57.
Ke2 Bc5 58. Kd3 Bf2 59. Ne2 Kg6 60. Kc4 Kh5 61. Kd5 Kg4 62. Ke5 f4 63. gxf4 Bxh4 64. f5 Bd8 65. Ke6 Kg5 66. Ng3 Kh6 67. Kf7 Bh4 68. Ne4 Kh7 69. Nf6+ Kh6 70. Ke6 Kg5 71. Ng8 Kf4 72. Ne7 Bg5 73. Ng6+ Kg4 74. Ne5+ Kf4 75. Nc6 Bh4 76. Nd4 Bg5 77. Kf7 Ke5 78. Kg6 Bd8 79.
Nc6+ Kd6 80. Nxd8 Ke7 81. f6+ Kxd8 82. f7 Ke7 83. Kg7 1-0

[Event "Late-Titled-Tuesday-Blitz-September-05-2023"]
[Site "Chess.com"]
[Date "2023.09.05"]
[Round "4"]
[White "Lennis93"]
[Black "Rutricks"]
[Result "1-0"]
[WhiteElo "2836"]
[BlackElo "2666"]
[TimeControl "180+1"]
[EndTime "14:41:45 PDT"]
[Termination "Lennis93 won on time"]

1. b3 d6 2. Bb2 Nd7 3. d4 Ngf6 4. Nf3 g6 5. Nbd2 Bg7 6. e4 O-O 7. h3 Re8 8. Be2 e5 9. dxe5 Nxe5 10. Nxe5 dxe5 11. O-O Qe7 12. Bd3 b6 13. a4 Bb7 14.
a5 Rad8 15. Qe2 Nh5 16. g3 Qd7 17. Kh2 Bc8 18. Qg4 Qxd3 19. cxd3 Bxg4 20. hxg4 Rxd3 21. gxh5 Rxd2 22. Bc1 Rd3 23. h6 Bf8 24. axb6 axb6 25.
Ra7 Bd6 26. b4 f5 27. exf5 gxf5 28. Be3 f4 29. gxf4 exf4 30. Rg1+ Kf8 31. Bxb6 Re6 32. Ra8+ Kf7 33. Rg7+ Kf6 34. Bc5 Re2 35. Bxd6 Rxf2+ 36. Kg1 Rc2 37. Rf8+ Ke6 38. Re8+ Kf6 39. Be7+ Kf5 40. Rg5+ Ke4 41. Bc5+ Kf3 42. Re1 Rdd2 43.
Rf1+ Ke4 44. Bf2 Rd6 45. Rh5 Rg6+ 46. Kh1 Kd3 47. Rh3+ Ke2 48. Rg1 Rf6 49. Bc5 f3 50. Rh2+ f2 51. Bxf2 Kd3 52. Bg3 Rxh2+ 53. Bxh2 Rxh6 54.
Rc1 c6 55. Rc5 Rh4 56. b5 cxb5 57. Rxb5 Kc4 58. Re5 Rd4 59. Re8 h5 60. Kg2 h4 61.
Kh3 Kb5 62. Be5 Re4 63. Rb8+ Kc6 64. Bf6 Rf4 65. Bxh4 Rf7 66. Bg3 Rh7+ 67. Kg2 Rf7 68. Kh3 Rf6 69. Kg4 Rf1 70. Bf4 Re1 71. Kf5 Re7 72.
Be5 Rh7 73. Rd8 Kb7 74. Rd1 Re7 75. Kf6 Rh7 76. Ke6 Kc6 77. Rc1+ Kb7 78. Kd5 Rd7+ 79. Bd6 Rh7 80. Rb1+ 1-0

[Event "Late-Titled-Tuesday-Blitz-September-05-2023"]
[Site "Chess.com"]
[Date "2023.09.05"]
[Round "4"]
[White "GaiozNigalidze"]
[Black "CrushingKings"]
[Result "1/2-1/2"]
[WhiteElo "2756"]
[BlackElo "2539"]
[TimeControl "180+1"]
[EndTime "14:41:45 PDT"]
[Termination "Game drawn - insufficient material"]

1. d4 g6 2. c4 Bg7 3. e4 d6 4.
Nc3 Nf6 5. Nf3 O-O 6. h3 e5 7. d5 Na6 8. Bd3 Nc5 9. Bc2 a5 10. a3 Bd7 11. b3 Nh5 12. Bg5 Qe8 13. b4 axb4 14. axb4 Rxa1 15. Qxa1 Na6 16. Qa5 Nf4 17.
O-O f5 18. exf5 Bxf5 19. Bxf5 Rxf5 20. Bxf4 Rxf4 21. Nd2 e4 22. Ncxe4 Rxe4 23. Nxe4 Qxe4 24. b5 Nc5 25. Re1 Qf5 26. Qxc7 Be5 27. Qd8+ Kg7 28. Qe7+ Kh6 29. Qh4+ Qh5 30. Qxh5+ Kxh5 31. g3 g5 32. Kg2 Kg6 33. Re2 h5 34. g4 h4 35. Ra2 Kf6 36.
Kf3 Bf4 37. Re2 Nd3 38. Re6+ Kf7 39. Rh6 Ne5+ 40. Ke4 Nxc4 41. Rh7+ Ke8 42. Rxb7 Kd8 43. Kf5 Kc8 44. Re7 Nb6 45. Ke6 Kb8 46. Rf7 Kc8 47. Rg7 Kb8 48. f3 Kc8 49. Rf7 Bg3 50. Rh7 Bf4 51. Ra7 Kb8 52. Rf7 Bg3 53. Rf8+ Kc7 54. Rf5 Bf4 55. Rxf4 gxf4 56. g5 Nd7 57. g6 Nf8+ 58. Kf7 Nxg6 59. Kxg6 Kb6 60. Kf6 Kxb5 61. Ke7 Kc5 62. Ke6 Kd4 63. Kxd6 Ke3 64. Kc5 Kxf3 65.
d6 Kg2 66. d7 f3 67. d8=Q f2 68. Qd5+ Kg1 69. Qd4 Kg2 70. Qg4+ Kh1 71. Qf3+ Kg1 72. Qg4+ Kh1 73. Qxh4 f1=Q 74. Qe4+ Kh2 75. h4 Qf8+ 76. Kd4 Kh3 77. h5 Qf6+ 78. Qe5 Qd8+ 79. Ke4 Qh4+ 80. Kd5 Qd8+ 81. Kc4 Qh4+ 82. Kd3 Kg4 83.
h6 Qxh6 84. Qe4+ Qf4 85. Qxf4+ Kxf4 1/2-1/2

[Event "Late-Titled-Tuesday-Blitz-September-05-2023"]
[Site "Chess.com"]
[Date "2023.09.05"]
[Round "4"]
[White "lupta_robin"]
[Black "zozik"]
[Result "1/2-1/2"]
[WhiteElo "2608"]
[BlackElo "2391"]
[TimeControl "180+1"]
[EndTime "14:41:49 PDT"]
[Termination "Game drawn by repetition"]

1. b3 a5 2. Bb2 a4 3. e4 e6 4. Nf3 a3 5. Bc3 c5 6. g3 Nf6 7. Qe2 Nc6 8. Bg2 Be7 9. O-O O-O 10. d3 b5 11. Re1 Bb7 12. Nbd2 b4 13. Bxf6 Bxf6 14.
e5 Be7 15. Nc4 d5 16. exd6 Bxd6 17. Qe3 Be7 18. Nfe5 Nxe5 19. Nxe5 Bxg2 20. Kxg2 Qd5+ 21. Qe4 Bf6 22. Qxd5 exd5 23. Rad1 Bxe5 24. Rxe5 Rad8 25. Rde1 Rd7 26. f4 g6 27. Re7 Rxe7 28. Rxe7 Rc8 29. Rb7 c4 30. dxc4 dxc4 31. Rxb4 cxb3 32. cxb3 Rc2+ 33. Kf3 Rxh2 34. Ra4 Rxa2 35. b4 h5 36. b5 Rb2 37. Rxa3 Rxb5 38. Rd3 Kg7 39. Re3 Ra5 40.
Rd3 Ra1 41. Re3 Rh1 42. Kg2 Rd1 43. Kf3 Kh6 44. Rc3 Ra1 45. Re3 Rh1 46. Rd3 Ra1 47.
Rd5 Ra3+ 48. Kg2 Kg7 49. Re5 Rb3 50. Rd5 Kf6 51. Re5 Rd3 52. Rc5 Ke6 53. Re5+ Kf6 54. Rc5 Re3 55. Rd5 Ra3 56. Rc5 Kg7 57. Rd5 Kh6 58.
Re5 f5 59. Re8 Kh7 60. Re7+ Kh6 61. Rd7 h4 62. gxh4 Kh5 63. Rh7+ Kg4 64. Rg7 Ra2+ 65. Kf1 Kf3 66. Ke1 Kxf4 67. Rxg6 Ke3 68. h5 f4 69. Re6+ Kf3 70. h6 Ra1+ 71. Kd2 Rh1 72. Rg6 Kf2 73. Kd3 f3 74. Ke4 Ke2 75. Ra6 Rh4+ 76. Kf5 f2 77. Ra2+ Ke3 78. Rxf2 Kxf2 79. Kg5 Kg3 80. Kg6 Kf4 81. h7 Rg4+ 82. Kf7 Rh4 83. Kg8 Rg4+ 84. Kf7 Rh4 85. Kg8 Rg4+ 86. Kf7 1/2-1/2

[Event "Late-Titled-Tuesday-Blitz-September-05-2023"]
[Site "Chess.com"]
[Date "2023.09.05"]
[Round "4"]
[White "sterpfi"]
[Black "Truequitos"]
[Result "0-1"]
[WhiteElo "2146"]
[BlackElo "2437"]
[TimeControl "180+1"]
[EndTime "14:41:51 PDT"]
[Termination "Truequitos won on time"]

1. e4 e6 2. d4 d5 3. exd5 exd5 4.
Nf3 c5 5. Bd3 Nf6 6. O-O Be7 7.
dxc5 O-O 8. Nc3 h6 9. Be3 Nc6 10. Qd2 Bg4 11. Be2 Bxf3 12. Bxf3 d4 13. Bxc6 dxe3 14.
Qxd8 exf2+ 15. Kxf2 Bxc5+ 16. Kf3 Rfxd8 17. Be4 Bd4 18. Rad1 Rac8 19. Bxb7 Rb8 20. Be4 Rxb2 21. Nd5 Nxe4 22.
Kxe4 Bb6 23. Nxb6 Rxd1 24. Rxd1 axb6 25. Rd8+ Kh7 26. Rb8 Rxc2 27. Rxb6 Rxa2 28. Kf3 f6 29. Rb7 Kg6 30. Rb5 h5 31. h3 Kh6 32. g4 Ra3+ 33. Kg2 hxg4 34. hxg4 Re3 35. Rh5+ Kg6 36. Ra5 Re5 37. Ra4 Kg5 38. Kf3 Rc5 39. Ra3 g6 40.
Kg3 Re5 41. Kf3 Rb5 42. Kg3 Kh6 43. Kf3 Kg7 44. Kg3 Kf7 45. Kf3 Ke6 46. Kg3 Ke5 47. Kf3 Rd5 48. Kg3 Rd4 49. Kf3 Rb4 50. Ra5+ Ke6 51.
Ra6+ Ke5 52. Ra5+ Kd6 53. Ra6+ Ke7 54. Ra7+ Ke6 55. Ra6+ Kf7 56. Ra7+ Kg8 57. Rc7 Ra4 58. Rb7 Rd4 59. Ra7 Rd8 60. Kf4 Rf8 61. g5 f5 62. Ra6 Kg7 63. Ra7+ Rf7 64. Ra6 Re7 65. Ra4 Kf7 66. Rb4 Rd7 67. Ra4 Rd6 68. Rb4 Ke6 69. Ra4 Rc6 70. Rb4 Kd5 71. Ra4 Rc5 72. Ra6 Rc6 73. Ra5+ Rc5 74. Ra6 Rc4+ 75. Kf3 Ke5 76. Rxg6 Rc3+ 77. Kf2 Kf4 78. Ra6 Rc2+ 79. Kf1 Kxg5 0-1

[Event "Late-Titled-Tuesday-Blitz-September-05-2023"]
[Site "Chess.com"]
[Date "2023.09.05"]
[Round "4"]
[White "Hilary46"]
[Black "Fengwi"]
[Result "1/2-1/2"]
[WhiteElo "2575"]
[BlackElo "2449"]
[TimeControl "180+1"]
[EndTime "14:42:11 PDT"]
[Termination "Game drawn by 50-move rule"]

1. e4 c5 2. Nf3 Nc6 3. d4 cxd4 4.
Nxd4 g6 5. Nc3 Bg7 6. Be3 Nf6 7. Nxc6 bxc6 8. e5 Ng8 9. Bd4 Qa5 10. Bc4 Bxe5 11. O-O f6 12. Bxe5 fxe5 13. Bxg8 Rxg8 14.
Re1 d6 15. Ne4 Bd7 16. c4 c5 17. Nxd6+ exd6 18. Qxd6 O-O-O 19. Rxe5 Qb6 20. Qxc5+ Qxc5 21. Rxc5+ Kb7 22. Re1 Rge8 23. Kf1 Bc6 24. f3 Kb6 25. b4 Ba4 26. Rxe8 Rxe8 27. Rd5 Re3 28. Rd6+ Kb7 29. b5 Ra3 30. Rd7+ Kb6 31. Rxh7 Rxa2 32. Rg7 Bc2 33.
h4 Bd3+ 34. Kg1 Kc5 35. Rc7+ Kd4 36. c5 Bxb5 37. c6 Ra6 38. g4 Bxc6 39. Kf2 Bd5 40. h5 gxh5 41. gxh5 Ra3 42. f4 Rf3+ 43. Ke2 a5 44. h6 Rxf4 45. h7 Rh4 46. Ra7 Bc4+ 47. Kf3 Bd3 48. Rxa5 Rxh7 49. Ra8 Bc4 50. Kf2 Rf7+ 51.
Kg3 Bd5 52. Rd8 Ke4 53. Re8+ Kd4 54. Rb8 Ke5 55. Rb2 Be4 56. Re2 Rg7+ 57. Kf2 Kf4 58. Re1 Rg2+ 59. Kf1 Ra2 60. Rc1 Kg3 61. Rc3+ Bf3 62.
Ke1 Ra1+ 63. Kd2 Rd1+ 64. Kc2 Rd7 65. Rc5 Kf4 66. Kc3 Ke3 67. Rc8 Be4 68. Re8 Rc7+ 69. Kb2 Kd4 70. Rd8+ Bd5 71. Rd6 Rb7+ 72. Kc2 Ke4 73. Rd8 Rc7+ 74. Kd2 Rh7 75. Kc3 Rh3+ 76.
Kb4 Rh6 77. Kc3 Rc6+ 78. Kd2 Kd4 79. Ke2 Ra6 80. Kf2 Ke4 81. Re8+ Kf4 82. Rf8+ Ke5 83. Re8+ Be6 84. Ke3 Ra3+ 85. Kd2 Kd5 86. Rd8+ Ke4 87.
Kc2 Ra2+ 88. Kc3 Ra4 89. Kd2 Bd5 90. Kc3 Ra3+ 91. Kd2 Rd3+ 92. Ke2 Re3+ 93. Kd2 Rh3 94. Re8+ Kd4 95. Rd8 Rh2+ 96. Kc1 Kc3 97. Kd1 Bc4 98. Ke1 Rg2 1/2-1/2

[Event "Late-Titled-Tuesday-Blitz-September-05-2023"]
[Site "Chess.com"]
[Date "2023.09.05"]
[Round "4"]
[White "alturas_pacificas"]
[Black "Triumphmate"]
[Result "1/2-1/2"]
[WhiteElo "2408"]
[BlackElo "2534"]
[TimeControl "180+1"]
[EndTime "14:42:22 PDT"]
[Termination "Game drawn - insufficient material"]

1. d4 d5 2. Bf4 e6 3. e3 Bd6 4.
Bg3 Nf6 5. Nd2 O-O 6. Bd3 c5 7. c3 Qc7 8. Ngf3 Nbd7 9. Qe2 e5 10. dxe5 Nxe5 11. Nxe5 Bxe5 12. Nf3 Bd6 13. Rd1 Be6 14. O-O Rad8 15. c4 Rfe8 16. b3 Bxg3 17. hxg3 d4 18.
exd4 Bxc4 19. Bxc4 Rxe2 20. Bxe2 cxd4 21. Rxd4 Rxd4 22. Nxd4 g6 23. Bf3 b6 24. Rd1 Qc3 25. Nc6 h5 26. Nxa7 Qa5 27. Nc8 Qxa2 28. Nxb6 Qxb3 29. Nd5 Ng4 30. Bxg4 hxg4 31. Ne3 f5 32. Rd8+ Kg7 33. Rd7+ Kf6 34. Rd6+ Kg5 35. Rd1 Qa2 36.
Rf1 Qe2 37. Rd1 Kh6 38. Rf1 Qa2 39. Rd1 Qa5 40. Rf1 g5 41. Rd1 f4 42. gxf4 gxf4 43.
Nxg4+ Kg5 44. f3 Kh4 45. Kh2 Qb4 46. Rd7 Kg5 47. Rd5+ Kg6 48. Ne5+ Kf6 49. Ng4+ Ke6 50.
Rh5 Qf8 51. Re5+ Kd6 52. Rh5 Qf7 53. Rh6+ Kd5 54. Kh3 Kd4 55. Kh4 Qe7+ 56. Rf6 Kd3 57. Kg5 Ke2 58. Kxf4 Kf1 59. Ne3+ Kf2 60. Ng4+ Kxg2 61.
Rh6 Qc7+ 62. Ke3 Qc3+ 63. Kf4 Qxf3+ 64. Kg5 Qd5+ 65. Kg6 Qe4+ 66. Kg5 Kg3 67. Rh3+ Kg2 68. Rh2+ Kg1 69. Rh6 Qe7+ 70. Kf5 Kg2 71. Rf6 Kg3 72. Ne5 Qh7+ 73. Ke6 Qb1 74. Rf3+ Kg2 75. Rf6 Qb6+ 76. Kf5 Qb8 77. Rg6+ Kf2 78. Re6 Ke3 79. Nc4+ Kf3 80. Nd6 Qf8+ 81. Ke5 Ke3 82. Nf5+ Kd3 83. Rd6+ Kc4 84.
Rd4+ Kc5 85. Rd5+ Kc4 86. Nd6+ Kc3 87. Ne4+ Kc2 88. Nc5 Qh8+ 89. Kd6 Kc3 90. Ne4+ Kc4 91. Nd2+ Kb4 92. Ke6 Qh6+ 93. Ke5 Qg5+ 94. Ke4 Qg4+ 95. Ke5 Qg5+ 96. Ke4 Qg6+ 97. Ke5 Qg7+ 98. Ke4 Kc3 99. Nb1+ Kc2 100. Nd2 Qg6+ 101. Ke5 Qg7+ 102. Ke6 Qg8+ 103. Ke5 Qe8+ 104. Kd6 Qb8+ 105. Kc5 Qc8+ 106. Kd6 Kc3 107. Ne4+ Kc4 108. Rc5+ Qxc5+ 109. Nxc5 1/2-1/2

[Event "Late-Titled-Tuesday-Blitz-September-05-2023"]
[Site "Chess.com"]
[Date "2023.09.05"]
[Round "4"]
[White "Chessdreamer2020"]
[Black "IMSlavin"]
[Result "1/2-1/2"]
[WhiteElo "2498"]
[BlackElo "2171"]
[TimeControl "180+1"]
[EndTime "14:42:25 PDT"]
[Termination "Game drawn by agreement"]

1. e4 Nc6 2. Nf3 d6 3. d4 Nf6 4. d5 Ne5 5. Nxe5 dxe5 6. Bd3 e6 7. c4 exd5 8. cxd5 a6 9. Nc3 Bd6 10. O-O h6 11. f4 O-O 12. f5 c6 13. dxc6 bxc6 14.
Be3 a5 15. Na4 Ba6 16. Bxa6 Rxa6 17. Qd3 Ra8 18. Rfd1 Bb4 19. Qc4 Qc7 20. Rac1 Rfd8 21. Rxd8+ Qxd8 22. Qxc6 Kh7 23. a3 Bd2 24. Bb6 Qd3 25. Qc2 Be3+ 26. Kh1 Qxc2 27. Rxc2 Bxb6 28. Nxb6 Rb8 29. Nc4 Nxe4 30. Nxa5 Rd8 31. g4 h5 32. h3 hxg4 33. hxg4 Nf6 34. g5 Ne4 35. Nc4 Ng3+ 36. Kg2 Nxf5 37. g6+ fxg6 38. b4 e4 39. b5 Rc8 40. b6 Nd4 41. Rc3 e3 42. b7 Rb8 43.
Nd6 e2 44. Re3 Nf5 45. Nxf5 gxf5 46. Rxe2 Rxb7 47. Re3 Ra7 48. Kg3 Kg6 49. Kf4 Ra4+ 50. Kf3 Kg5 51. Rb3 g6 52. Kg3 Kh5 53. Kf3 g5 54. Rc3 f4 55. Kg2 Re4 56. Kf2 Kg4 57.
Rb3 Rd4 58. Rb2 Rd3 59. Ra2 Rd5 60. a4 Ra5 61. Ra3 Kf5 62. Kg2 g4 63. Kf2 Rc5 64. a5 Rc2+ 65. Ke1 f3 66. a6 Rc8 67. a7 Ra8 68.
Kf2 g3+ 69. Kxg3 Ke6 70. Kxf3 Kd6 71. Ke4 Kc6 72. Kd4 Kb6 73. Kd5 Rxa7 74. Rb3+ Ka5 75.
Kc6 Ra6+ 76. Kc5 Ka4 77. Rb1 Rg6 78. Ra1+ Kb3 79. Rb1+ Kc3 80. Re1 Rg5+ 81. Kd6 Kd4 82.
Rd1+ Kc4 83. Ke6 Kb4 84. Kf6 Rc5 85. Rd4+ Rc4 86. Rd6 Rc5 87. Ke6 Kc4 88. Rd2 Kc3 89.
Rd1 Kc4 90. Rc1+ Kb4 91. Rb1+ Kc4 92. Kd6 Rg5 93. Rc1+ Kb4 94. Rb1+ 1/2-1/2

[Event "Late-Titled-Tuesday-Blitz-September-05-2023"]
[Site "Chess.com"]
[Date "2023.09.05"]
[Round "4"]
[White "Valio_M1948"]
[Black "GarayevKanan"]
[Result "1/2-1/2"]
[WhiteElo "2520"]
[BlackElo "2706"]
[TimeControl "180+1"]
[EndTime "14:43:02 PDT"]
[Termination "Game drawn by repetition"]

1. d4 Nf6 2. Bg5 Ne4 3. Bf4 d5 4. e3 c5 5. Bd3 Nc6 6. Bxe4 dxe4 7. d5 Nb4 8. Nc3 Bf5 9. Nge2 Rc8 10. Ng3 Bg6 11. a3 Na6 12. Ngxe4 Bxe4 13. Nxe4 g6 14. d6 Rc6 15. dxe7 Qxe7 16. Qd5 Bg7 17. Nd6+ Kf8 18. O-O Nc7 19. Qd3 Ne6 20. Bg3 Bf6 21. Ne4 Kg7 22. Nxf6 Qxf6 23. Qe4 Ng5 24. Qe5 Qxe5 25.
Bxe5+ f6 26. Bf4 Ne6 27. Bg3 Rd8 28. Rfd1 Rcc8 29. Kf1 Kf7 30. Ke2 c4 31. Bd6 c3 32.
b3 Ng5 33. f3 Re8 34. Bb4 Rc7 35. Rd3 Rec8 36. Rad1 Ke8 37. Rd6 Rc6 38. Rxc6 Rxc6 39.
Rd3 Nf7 40. Rxc3 Re6 41. Rd3 Ne5 42. Rd4 Nf7 43. Re4 Rxe4 44. fxe4 Kd7 45. Bc3 Ke6 46. Kd3 Nd6 47. Bb4 Nf7 48. Bc3 Nd6 49. Bd4 b6 50. a4 Nb7 51. b4 Nd8 52. a5 bxa5 53. bxa5 Nc6 54. a6 Nb4+ 55. Kc4 Nxa6 56. Bxa7 Nc7 57.
Bd4 f5 58. exf5+ gxf5 59. Kc5 Na6+ 60. Kb5 Nc7+ 61. Kc6 Nd5 62. c4 Nb4+ 63. Kb5 Nc2 64. c5 f4 65. c6 fxe3 66. Bb6 e2 67. Bf2 Nd4+ 68. Kb6 Nf5 69. c7 Ne7 70. Kb7 Kd7 71.
Bh4 Nc8 72. Bg3 Nd6+ 73. Bxd6 e1=Q 74. c8=Q+ Kxd6 75. Qc7+ Ke6 76. Qxh7 Qb4+ 77. Kc8 Qf8+ 78. Kb7 Qb4+ 79. Ka8 Qf8+ 80. Ka7 Qa3+ 81. Kb7 Qb2+ 82. Kc8 Qxg2 83. Qh6+ Kf5 84. Qh5+ Kf6 85. Qh6+ Kf7 86. Qh7+ Kf8 87. Qf5+ Kg7 88. h3 Qg1 89. Kd7 Kh6 90. Ke6 Qg2 91. Kf6 Qg7+ 92. Ke6 Qg3 93. Qf6+ Kh7 94.
Qf5+ Kh8 95. Qg4 Qb3+ 96. Kf5 Qb5+ 97. Kg6 Qc6+ 98. Kh5 Qd5+ 99. Kh4 Qd8+ 100. Kg3 Qd6+ 101. Kf3 Qd1+ 102. Kf4 Qd4+ 103. Kf5 Qd7+ 104. Kg6 Qe8+ 105. Kh6 Qf8+ 106. Kh5 Qe8+ 107. Qg6 Qe2+ 108. Kg5 Qg2+ 109. Kf6 Qc6+ 110. Kg5 Qg2+ 111. Kf6 Qb2+ 112. Kf7 Qb7+ 113. Kf6 Qc6+ 114. Kg5 Qg2+ 1/2-1/2

[Event "Late-Titled-Tuesday-Blitz-September-05-2023"]
[Site "Chess.com"]
[Date "2023.09.05"]
[Round "4"]
[White "Aradhya2000"]
[Black "FairChess_on_YouTube"]
[Result "1/2-1/2"]
[WhiteElo "2732"]
[BlackElo "3043"]
[TimeControl "180+1"]
[EndTime "14:43:17 PDT"]
[Termination "Game drawn by 50-move rule"]

1. d4 d5 2. c4 c6 3. Nf3 Nf6 4. Nc3 e6 5. Bg5 h6 6. Bxf6 Qxf6 7. Qb3 Qe7 8. e3 Nd7 9. Rc1 Nb6 10. cxd5 exd5 11.
Bd3 g6 12. a4 Qb4 13. Qc2 Bg7 14. a5 Nc4 15. Bxc4 Qxc4 16. Qe2 Qb4 17. a6 b5 18. O-O Bxa6 19. e4 O-O 20. exd5 Rfe8 21. Qd3 Rac8 22.
Ra1 Bb7 23. Rxa7 Ba8 24. h4 c5 25. Qxb5 Qxb5 26. Nxb5 cxd4 27. Nd6 Bxd5 28. Nxc8 Rxc8 29. Rd7 Be6 30. Rd6 Rb8 31. Nxd4 Bxd4 32. Rxd4 Rxb2 33. h5 g5 34. f4 gxf4 35. Rdxf4 Rb5 36. Rh4 Kg7 37.
Kh2 Rg5 38. Rf3 Bg4 39. Rg3 f5 40. Ra3 Rxh5 41. Rxh5 Bxh5 42. Kg3 Bg4 43. Kf4 Kg6 44. Ra6+ Kg7 45. Rb6 Kh7 46. Ke5 Kg7 47. g3 Bh3 48. Kf4 Bg4 49. Rd6 Bh3 50. Ke5 Bg4 51.
Ra6 Bh3 52. Ra4 Bg4 53. Rf4 Kg6 54. Ra4 Bh3 55. Kf4 Bg4 56. Ra7 Kf6 57. Ra6+ Kg7 58.
Ke5 Bh3 59. Kd6 Kf6 60. Kd7+ Kg5 61. Ke7 h5 62. Kf7 Kg4 63. Kg6 Kxg3 64. Kxh5 Bg4+ 65. Kg5 f4 66. Ra4 Bf3 67. Rxf4 Be2 68. Rf8 Bf3 69. Rd8 Be4 70. Kf6 Kf4 71. Rd4 Ke3 72. Ke5 Bd3 73. Rh4 Bc2 74. Rh3+ Kd2 75. Kd4 Bf5 76. Rh2+ Kc1 77.
Kc3 Kb1 78. Rf2 Bg6 79. Rb2+ Ka1 80. Rb6 Bb1 81. Kd2 Ba2 82. Kc1 Bg8 83. Ra6+ Ba2 84. Rb6 Bc4 85. Rb4 Ba2 86. Rb8 Be6 87. Kc2 Bf5+ 88.
Kc3 Be6 89. Re8 Ba2 90. Re3 Bb1 91. Kb3 Ba2+ 92. Ka3 Bb1 93. Rc3 Ba2 94. Rc2 Bb1 95. Rb2 Be4 96. Ra2+ Kb1 97. Re2 Bf5 98. Kb3 Ka1 99.
Rf2 Bb1 100. Rh2 Bg6 101. Rh6 Bf7+ 102. Kc2 Bd5 103. Rd6 Be4+ 104. Kc1 Ka2 105. Rd4 Bf5 106. Rd5 Be6 107. Rb5 Ka3 108. Kc2 Bd7 109. Rb6 Bf5+ 110. Kc3 Ka2 111. Ra6+ Kb1 112. Rb6+ Ka1 113. Rf6 Bb1 114. Rf1 Ka2 115. Kb4 Ka1 116. Rf2 Ba2 117. Ka3 1/2-1/2

[Event "Late-Titled-Tuesday-Blitz-September-05-2023"]
[Site "Chess.com"]
[Date "2023.09.05"]
[Round "5"]
[White "GoltsevDmitry2000"]
[Black "Casper"]
[Result "1-0"]
[WhiteElo "2656"]
[BlackElo "2450"]
[TimeControl "180+1"]
[EndTime "14:51:13 PDT"]
[Termination "GoltsevDmitry2000 won by resignation"]

1. e4 c5 2. Nf3 d6 3. d4 cxd4 4. Nxd4 Nf6 5. Nc3 Nc6 6. Be2 e5 7. Nb3 Be7 8. O-O a5 9. Be3 a4 10. Nd2 a3 11. bxa3 Rxa3 12. Nb5 Ra8 13. Nc4 Nxe4 14.
Bb6 1-0

[Event "Late-Titled-Tuesday-Blitz-September-05-2023"]
[Site "Chess.com"]
[Date "2023.09.05"]
[Round "5"]
[White "emeli_chess"]
[Black "PassedPawnMustPushed"]
[Result "1-0"]
[WhiteElo "2365"]
[BlackElo "2136"]
[TimeControl "180+1"]
[EndTime "14:52:16 PDT"]
[Termination "emeli_chess won by resignation"]

1. d4 Nf6 2. c4 g6 3. Nc3 c6 4. e4 d6 5. f3 Bg7 6. Be3 a6 7. Bd3 b5 8. Nge2 Nbd7 9. O-O e5 10. d5 cxd5 11. cxd5 O-O 12. b4 Nb6 13. a4 Nc4 14.
Bxc4 bxc4 15. b5 axb5 16. axb5 Bd7 17. b6 Rxa1 18. Qxa1 Qb8 19. Qa7 Rc8 20. Ra1 h5 21. b7 Re8 22. Qxb8 Rxb8 23. Ra8 1-0

[Event "Late-Titled-Tuesday-Blitz-September-05-2023"]
[Site "Chess.com"]
[Date "2023.09.05"]
[Round "5"]
[White "Verony64"]
[Black "Kostukov_Alex"]
[Result "0-1"]
[WhiteElo "2246"]
[BlackElo "2407"]
[TimeControl "180+1"]
[EndTime "14:52:17 PDT"]
[Termination "Kostukov_Alex won by resignation"]

1. d4 g6 2. c4 Bg7 3. Nc3 d6 4.
e4 e5 5. d5 f5 6. g3 Nf6 7.
Bg2 fxe4 8. Nxe4 Nxe4 9. Bxe4 Nd7 10. Qc2 Nc5 11. Bg2 Bf5 12. Qd1 O-O 13. Ne2 Nd3+ 14. Kf1 Nxf2 15. Qd2 Nxh1 16. Bxh1 Bh3+ 0-1

[Event "Late-Titled-Tuesday-Blitz-September-05-2023"]
[Site "Chess.com"]
[Date "2023.09.05"]
[Round "5"]
[White "PotapovaM"]
[Black "DvaHrasta"]
[Result "1-0"]
[WhiteElo "2668"]
[BlackElo "2505"]
[TimeControl "180+1"]
[EndTime "14:52:24 PDT"]
[Termination "PotapovaM won by resignation"]

1. Nf3 Nf6 2. g3 c5 3. Bg2 d5 4.
O-O Nc6 5. d4 Bg4 6. Ne5 Nxd4 7.
Nxg4 Nxg4 8. e3 Nf6 9. exd4 e6 10. c4 Rc8 11. cxd5 Nxd5 12. Nc3 Nxc3 13. bxc3 1-0

[Event "Late-Titled-Tuesday-Blitz-September-05-2023"]
[Site "Chess.com"]
[Date "2023.09.05"]
[Round "5"]
[White "delqate"]
[Black "sterpfi"]
[Result "1-0"]
[WhiteElo "2372"]
[BlackElo "2140"]
[TimeControl "180+1"]
[EndTime "14:52:30 PDT"]
[Termination "delqate won by resignation"]

1. d4 d5 2. Nf3 Nf6 3. Bg5 Ne4 4. Bf4 c5 5. e3 Qb6 6. Nc3 Qa5 7. Bxb8 Rxb8 8.
Bb5+ Bd7 9. Bxd7+ Kxd7 10. Ne5+ Ke8 11. O-O Nxc3 12. bxc3 Qxc3 13. Qf3 f6 14. Qh5+ g6 15. Nxg6 hxg6 16. Qxh8 cxd4 17. exd4 Qxd4 18. Qg8 Qe4 19. Rfe1 Qf5 20. Rad1 e6 21. Rxe6+ Kd7 22. Qf7+ 1-0

[Event "Late-Titled-Tuesday-Blitz-September-05-2023"]
[Site "Chess.com"]
[Date "2023.09.05"]
[Round "5"]
[White "Chessdreamer2020"]
[Black "picturesquecheck"]
[Result "1-0"]
[WhiteElo "2502"]
[BlackElo "2307"]
[TimeControl "180+1"]
[EndTime "14:53:17 PDT"]
[Termination "Chessdreamer2020 won by resignation"]

1. e4 c5 2. Nf3 d6 3. d4 cxd4 4. Qxd4 Bd7 5. Be2 Nc6 6. Qe3 Nf6 7. h3 e6 8. O-O Be7 9. c4 O-O 10. Nc3 a6 11. b3 Qc7 12. Rd1 Rfd8 13. Bb2 Rac8 14.
Rac1 Qb8 15. Bf1 Be8 16. Na4 Nb4 17. Nb6 Rc6 18. a3 Qa7 19. Nd5 Qxe3 20. Nxe7+ Kf8 21.
fxe3 Kxe7 22. axb4 Nxe4 23. Bxg7 f6 24. Bd3 Bg6 25.
Nh4 1-0

[Event "Late-Titled-Tuesday-Blitz-September-05-2023"]
[Site "Chess.com"]
[Date "2023.09.05"]
[Round "5"]
[White "hurricane7791"]
[Black "ArmanGhevondyanchess"]
[Result "1-0"]
[WhiteElo "2722"]
[BlackElo "2527"]
[TimeControl "180+1"]
[EndTime "14:53:23 PDT"]
[Termination "hurricane7791 won by resignation"]

1. d4 Nf6 2. c4 g6 3. Nc3 d5 4. h4 Bg7 5. cxd5 Nxd5 6. h5 Nc6 7.
Nf3 Bg4 8. Rh4 f5 9. e3 Bf6 10. Rh1 gxh5 11. Qb3 Nb6 12. Bd2 Qd7 13. d5 Ne5 14. Nxe5 Bxe5 15. f3 Bg3+ 16. Kd1 O-O-O 17. fxg4 hxg4 18. Kc2 e6 19. Rd1 exd5 20. Bd3 Rhf8 21. Bc1 Kb8 22. a4 f4 23. exf4 Bxf4 24. a5 Nc4 25. a6 b6 26. Bxc4 dxc4 27. Qxc4 Qf5+ 28. Kb3 Qa5 29. Rxd8+ Rxd8 30. Bxf4 h5 31. Qxc7+ 1-0

[Event "Late-Titled-Tuesday-Blitz-September-05-2023"]
[Site "Chess.com"]
[Date "2023.09.05"]
[Round "5"]
[White "Fandorine"]
[Black "DenishevM"]
[Result "1-0"]
[WhiteElo "2922"]
[BlackElo "2635"]
[TimeControl "180+1"]
[EndTime "14:53:30 PDT"]
[Termination "Fandorine won by resignation"]

1. d4 Nf6 2. c4 e6 3. g3 d5 4. Bg2 Be7 5. Nf3 O-O 6. O-O c6 7. b3 a5 8. Nc3 b6 9. Qd3 Ba6 10. Rd1 Nbd7 11. Bb2 Rc8 12. a4 Bb4 13. Nd2 e5 14.
dxe5 Nxe5 15. Qf5 d4 16. Nce4 Ng6 17. Nxf6+ gxf6 18. Ne4 c5 19. Nxf6+ Kh8 20. e3 Qe7 21. exd4 1-0

[Event "Late-Titled-Tuesday-Blitz-September-05-2023"]
[Site "Chess.com"]
[Date "2023.09.05"]
[Round "5"]
[White "OYAcosta"]
[Black "schack_vit"]
[Result "0-1"]
[WhiteElo "2268"]
[BlackElo "2414"]
[TimeControl "180+1"]
[EndTime "14:53:34 PDT"]
[Termination "schack_vit won by resignation"]

1. d4 d5 2. Bf4 Nf6 3. e3 c5 4.
Nf3 Nc6 5. Nbd2 e6 6. c3 Bd6 7. Bg3 O-O 8. Ne5 Qc7 9. f4 b6 10. Bd3 Bb7 11. Qf3 Ne7 12. Bh4 Ne8 13. g4 f6 14. g5 fxe5 15. dxe5 Bxe5 16. Qh5 g6 17. Qg4 Bg7 18. Qxe6+ Kh8 19. Qh3 d4 20. Rf1 dxc3 21. bxc3 Bxc3 22. Rc1 Bg7 23. Nc4 Nd6 24. Bg3 Nxc4 25.
Bxc4 Nf5 26. Bf2 Rae8 27. Bd3 Be4 28. Be2 Qe7 29. Bb5 Rd8 30. Bg1 Bd3 31. Bxd3 Rxd3 32. Rf2 Rxe3+ 0-1